 Dungeon Crawl Stone Soup version 0.22-a0-307-g2b15929 (webtiles) character file.

6976 xccam the Cleaver (level 11, -7/130 HPs)
             Began as a Formicid Fighter on Apr 1, 2018.
             Was a Priest of Cheibriados.
             Killed by divine providence
             ... invoked by an orc priest
              (15 damage)
             ... on level 9 of the Dungeon on Apr 2, 2018.
             The game lasted 00:15:00 (6874 turns).

xccam the Cleaver (Formicid Fighter)                Turns: 6874, Time: 00:15:01

Health: -7/130     AC: 17    Str: 30    XL:     11   Next: 28%
Magic:  12/12      EV:  2    Int: 15    God:    Cheibriados [***...]
Gold:   337        SH: 15    Dex: 23    Spells: 10/10 levels left

rFire    . . .     SeeInvis .   a - +0 war axe
rCold    . . .     Gourm    .   y - +2 shield
rNeg     + + +     Faith    .   (armour currently unavailable)
rPois    +         Spirit   .   (helmet unavailable)
rElec    .         Reflect  .   (cloak currently unavailable)
rCorr    .         Harm     .   (gloves currently unavailable)
MR       +....                  (boots currently unavailable)
Stlth    +.........             (no amulet)
HPRegen  0.31/turn              r - +5 ring of dexterity
MPRegen  0.13/turn              q - ring of loudness (curse)

@: tree-form (expiring), corroded, very slow
A: permanent stasis, dig shafts and tunnels, four strong arms
a: Bend Time, Temporal Distortion, Renounce Religion


You were on level 9 of the Dungeon.
You worshipped Cheibriados.
Cheibriados was most pleased with you.
You were not hungry.
You were a tree.
You visited 2 branches of the dungeon, and saw 10 of its levels.

You collected 337 gold pieces.

Inventory:

Hand Weapons
 a - a +0 war axe (weapon)
Armour
 e - a +0 plate armour (melded)
 p - a +1 pair of boots (melded)
 w - a +0 cloak (melded)
 y - a +2 shield (worn)
Jewellery
 q - a cursed ring of loudness (right branch)
 r - a +5 ring of dexterity (left branch)
Wands
 m - a wand of flame (50)
 o - a wand of polymorph (12)
 x - a wand of disintegration (23)
Scrolls
 c - 2 scrolls of immolation {unknown}
 g - 2 scrolls of remove curse
 i - a scroll of noise {unknown}
 j - 2 scrolls of enchant armour {unknown}
 n - 2 scrolls of magic mapping {unknown}
 s - 5 scrolls of teleportation {unknown}
 t - 4 scrolls of fear
 v - 2 scrolls of enchant weapon {unknown}
 z - a scroll of silence {unknown}
Potions
 b - a potion of cancellation {unknown}
 d - a potion of agility
 h - 6 potions of flight
 k - a potion of curing
 l - a potion of lignification
Comestibles
 f - 12 rations
 A - 2 chunks of flesh


   Skills:
 + Level 8.6 Fighting
 - Level 10.0 Axes
 + Level 8.6 Armour
 + Level 4.3 Dodging
 - Level 9.0 Shields
 + Level 2.6 Invocations


You had 10 spell levels left.
You didn't know any spells.

Dungeon Overview and Level Annotations

Branches:
Dungeon (9/15)             Temple (1/1) D:5
   Lair: D:8-11         Orc: D:9-12

Altars:
Cheibriados
Elyvilon
Fedhas
Hepliaklqana
Kikubaaqudgha
Makhleb
Okawaru
Qazlal
Ru
Sif Muna
Trog
Uskayaw
Xom
Yredelemnul
The Shining One

Shops:
D:4 !   D:6 ?   D:8 (


Innate Abilities, Weirdness & Mutations

You cannot be hasted, slowed, berserked, paralysed or teleported.
You can dig through walls and to a lower floor.
Your four strong arms can wield two-handed weapons with a shield.
((You have a pair of large antennae on your head. (SInv)))


Message History

You hit the black bear.
The black bear is moderately wounded.
You block the black bear's attack. x3
You hit the black bear.
The black bear is moderately wounded.
The black bear bites you.
* * * LOW HITPOINT WARNING * * *
You block the black bear's attack. x2
You slash the black bear!
The black bear is severely wounded.
You block the black bear's attack. x3
The orc priest invokes the aid of Beogh against you.
Beogh smites you!
* * * LOW HITPOINT WARNING * * *
You hit the black bear.
The black bear is almost dead.
The black bear goes berserk!
The orc priest calls down the wrath of Beogh upon you.
Beogh smites you!
You die...

>.
#............#######
#.#####...#........#
... .....###.....#.#
#####.#..###.#.##
#.#.# #....##.#
####.#.###.......#
.......##.....##.# #
#)†.........#
#♣##..#.###.#
#h##..#.# #
.o....#..
.#.###.##.# #.#.#
#.# .# # #.# .# #.#
.. #o#


You could see a black bear (berserk), an orc priest and an orc.

Vanquished Creatures
  Gastronok (D:8)
  Pikel (D:4)
  Psyche (D:8)
  A hippogriff (D:8)
  A shadow (D:8)
  3 yaks (D:9)
  4 wyverns
  3 orc warriors
  A sky beast (D:6)
  4 slaves (D:4)
  An eye of draining (D:8)
  A black bear (D:7)
  A centaur (D:5)
  4 ogres
  4 necrophages (D:7)
  Blork the orc (D:6)
  5 bullfrogs
  A wyvern zombie (D:9)
  4 scorpions
  4 wights (D:8)
  2 howler monkeys (D:8)
  2 crimson imps
  Crazy Yiuf (D:6)
  A centaur zombie (D:7)
  2 hounds
  2 jellies
  2 orc priests
  8 orc wizards
  Terence (D:2)
  4 iguanas
  9 worker ants
  A hound skeleton (D:8)
  A hound zombie (D:7)
  3 gnolls (D:5)
  6 adders
  A shadow imp (D:8)
  2 adder skeletons
  4 worms
  A leopard gecko (D:4)
  26 orcs
  3 bats
  8 giant cockroaches
  5 goblins
  5 hobgoblins
  10 jackals
  4 quokkas
  8 frilled lizards
  A jackal zombie (D:8)
  7 kobolds
  3 rats
  4 bushes (D:7)
183 creatures vanquished.

Vanquished Creatures (others)
  A goblin (D:3)
  3 plants (D:7)
4 creatures vanquished.

Grand Total: 187 creatures vanquished

Notes
Turn   | Place    | Note
-------+----------+-------------------------------------------
     0 | D:1      | xccam the Formicid Fighter began the quest for the Orb.
     0 | D:1      | Reached XP level 1. HP: 18/18 MP: 1/1
    74 | D:1      | Reached XP level 2. HP: 23/24 MP: 2/2
   264 | D:1      | Reached skill level 3 in Axes
   561 | D:2      | Reached XP level 3. HP: 28/29 MP: 3/3
   664 | D:2      | Noticed Terence
   679 | D:2      | Killed Terence
   679 | D:2      | Reached skill level 4 in Axes
   679 | D:2      | Reached XP level 4. HP: 17/35 MP: 4/4
  1173 | D:3      | Reached XP level 5. HP: 34/41 MP: 5/5
  1198 | D:3      | Found a white marble altar of Elyvilon.
  1346 | D:4      | Found a blossoming altar of Fedhas.
  1350 | D:4      | Reached skill level 5 in Axes
  1529 | D:4      | Noticed an ogre
  1533 | D:4      | Killed an ogre
  1533 | D:4      | Reached skill level 6 in Axes
  1533 | D:4      | Reached XP level 6. HP: 23/47 MP: 6/6
  1896 | D:4      | Reached XP level 7. HP: 28/52 MP: 7/7
  1928 | D:4      | Reached skill level 7 in Axes
  2482 | D:4      | Noticed Pikel
  2501 | D:4      | Killed Pikel
  2501 | D:4      | Reached skill level 9 in Axes
  2501 | D:4      | Reached XP level 8. HP: 33/58 MP: 8/8
  2754 | D:4      | You fall through a shaft!
  2754 | D:5      | Entered Level 5 of the Dungeon
  2802 | D:4      | Found Raugynk's Distillery.
  3501 | D:5      | Found a glowing golden altar of the Shining One.
  3564 | D:5      | Reached skill level 10 in Axes
  3678 | D:5      | Found a staircase to the Ecumenical Temple.
  3684 | Temple   | Entered the Ecumenical Temple
  3718 | Temple   | Became a worshipper of Cheibriados the Contemplative
  4188 | D:6      | Found Komeacw's Magic Scroll Emporium.
  4263 | D:6      | Reached skill level 5 in Shields
  4480 | D:6      | Reached XP level 9. HP: 64/64 MP: 9/9
  4714 | D:6      | Noticed Blork the orc
  4720 | D:6      | Killed Blork the orc
  5005 | D:6      | Found a runed door.
  5065 | D:6      | Noticed Crazy Yiuf
  5070 | D:6      | Killed Crazy Yiuf
  5199 | D:7      | Reached * piety under Cheibriados
  5431 | D:7      | Found a blossoming altar of Fedhas.
  5505 | D:7      | Reached skill level 1 in Dodging
  5767 | D:8      | Reached ** piety under Cheibriados
  5767 | D:8      | Reached XP level 10. HP: 54/73 MP: 10/10
  5786 | D:8      | Reached skill level 5 in Armour
  5844 | D:8      | Found Caqoes Igo's Weapon Shoppe.
  5861 | D:8      | Noticed Psyche
  5881 | D:8      | Killed Psyche
  5881 | D:8      | Reached skill level 5 in Fighting
  6282 | D:8      | Noticed Gastronok
  6305 | D:8      | Killed Gastronok
  6305 | D:8      | Reached XP level 11. HP: 29/86 MP: 11/11
  6744 | D:9      | Reached *** piety under Cheibriados
  6757 | D:9      | Reached skill level 1 in Invocations
  6874 | D:9      | Killed from afar by an orc priest

Vault maps used:
D:1:      saegor_arrival_simple_b
D:2:      uniq_terence
D:3:      elyvilon_altar_4
D:4:      lemuel_crystal_altar, serial_forest, infiniplex_forest_end_2,
          infiniplex_forest_corner_1, infiniplex_forest_zigzag_2,
          infiniplex_forest_zigzag_2, infiniplex_forest_straight_1,
          infiniplex_forest_clump_double, infiniplex_forest_clump_tiny,
          infiniplex_forest_straight_4, serial_shops, shop, uniq_pikel
D:5:      minmay_temple_entry_hall, first_ration, tso_metal_star
D:6:      serial_shops, shop, uniq_crazy_yiuf_cottage, uniq_blork_the_orc
D:7:      fedhas_altar_decomposition
D:8:      serial_shops, shop, uniq_gastronok, uniq_psyche
D:9:      grunt_lair_entry_orc_guard_hut, erik_orc_1
Temple:   regret_index_temple_sigil_plot

Skill      XL: |  1  2  3  4  5  6  7  8  9 10 11 |
---------------+----------------------------------+-----
Axes           | 3 4 6 9 10 | 10.0
Shields        | 5 9 |  9.0
Dodging        | 2 3 4 |  4.3
Fighting       | 4 8 |  8.6
Armour         | 4 8 |  8.6
Invocations    | 2 |  2.6

Action                   |  1- 3 |  4- 6 |  7- 9 | 10-12 || total
-------------------------+-------+-------+-------+-------++-------
Melee: War axe           |    64 |   115 |   359 |   211 ||   749
       Unarmed           |       |       |     3 |       ||     3
Invok: Temporal Distorti |       |       |       |     1 ||     1
Evoke: Wand              |       |       |     1 |     2 ||     3
  Use: Potion            |       |     1 |     3 |     3 ||     7
       Scroll            |       |       |    10 |       ||    10
  Eat: Chunk             |       |     3 |    10 |     2 ||    15
       Ration            |       |       |     1 |       ||     1
Armor: Scale mail        |    24 |    33 |   112 |       ||   169
       Plate armour      |       |       |     7 |    38 ||    45
       Skin              |       |       |     1 |    19 ||    20
Dodge: Dodged            |    23 |    32 |    84 |    35 ||   174
Block: Shield            |    26 |    59 |   169 |   145 ||   399

Table legend:
 A = Spawn XP
 B = Non-spawn XP
 C = Spawn XP percentage of total XP
 D = Spawn monster count
 E = Non-spawn monster count
 F = Spawn count percentage of total count
 G = Total turns spent on level
                    A         B        C        D         E        F      G
               +---------+---------+-------+---------+---------+-------+---------
         Total |       0 |    9966 |   0.0 |       0 |     175 |   0.0 |  6874
               +---------+---------+-------+---------+---------+-------+---------
           D:1 |       0 |      26 |   0.0 |       0 |      17 |   0.0 |   479
           D:2 |       0 |      78 |   0.0 |       0 |      11 |   0.0 |   685
           D:3 |       0 |      56 |   0.0 |       0 |      12 |   0.0 |   176
           D:4 |       0 |    1210 |   0.0 |       0 |      33 |   0.0 |  1956
           D:5 |       0 |     320 |   0.0 |       0 |      11 |   0.0 |   832
           D:6 |       0 |     881 |   0.0 |       0 |      19 |   0.0 |   967
           D:7 |       0 |     876 |   0.0 |       0 |      18 |   0.0 |   547
           D:8 |       0 |    5080 |   0.0 |       0 |      32 |   0.0 |   994
           D:9 |       0 |    1439 |   0.0 |       0 |      22 |   0.0 |   189
               +---------+---------+-------+---------+---------+-------+---------
